 Dungeon Crawl Stone Soup version 0.18-a0-1575-g920359c (webtiles) character file.

85144 4thArraOfDagon the Covert (level 15, -2/103 HPs)
             Began as a Mummy Enchanter on Mar 16, 2016.
             Was a High Priest of Ru.
             Killed from afar by an electric eel (11 damage)
             ... with a bolt of electricity
             ... on level 6 of the Lair of Beasts.
             The game lasted 02:04:21 (19902 turns).

4thArraOfDagon the Covert (Mummy Enchanter)        Turns: 19902, Time: 02:04:22

Health: -2/103     AC: 10    Str: 11    XL:     15   Next: 37%
Magic:  26/28      EV: 14    Int: 31    God:    Ru [*****.]
Gold:   1620       SH:  0    Dex: 12    Spells: 7 memorised, 9 levels left

rFire  x . .     SeeInvis .     b - +5 rapier (venom)
rCold  + + .     Gourm    .     H - +0 troll leather armour
rNeg   + + +     Faith    .     (shield unavailable)
rPois  ∞         Spirit   .     R - +1 hat {Int+3}
rElec  .         Dismiss  .     (no cloak)
rCorr  .         Reflect  .     u - +1 pair of gloves
SustAt .         Harm     .     p - +1 pair of boots of Cocytus {rC+}
MR     +....                    F - amulet of magic regeneration
Stlth  ++++......               B - ring "Veses" {+Fly Int+8 Slay+2}
                                (ring unavailable)

@: exhausted, no scrolls, drained, somewhat resistant to hostile enchantments,
stealthy
A: no food or potions, fire vulnerability, cold resistance 1, negative energy
resistance 3, screaming 1, torment resistance, weak 1, unbreathing, inability to
read while threatened, missing a hand, in touch with death 1, restore body
a: Self-Restoration, Draw Out Power, Power Leap, Apocalypse, Renounce Religion,
Evoke Flight


You were on level 6 of the Lair of Beasts.
You worshipped Ru.
Ru was extremely pleased with you.
You were not hungry.

You visited 4 branches of the dungeon, and saw 26 of its levels.
You also visited: Labyrinth and Volcano.

You collected 2158 gold pieces.
You spent 538 gold pieces at shops.

Inventory:

Hand Weapons
 a - the +9 long sword of the Undead {drain, Int+4 Dex+3 Stlth+}
   (You found it in a labyrinth)

   A truly terrible weapon, it drains the life of those it strikes.
   It affects your intelligence (+4).
   It affects your dexterity (+3).
   It makes you more stealthy.
 b - a +5 rapier of venom (weapon)
 c - the +2 long sword of the Vendetta {slice, rElec rC+++ MP-9 Str-3}
   (You found it on level 14 of the Dungeon)

   It inflicts extra damage upon your enemies.
   It affects your strength (-3).
   It renders you almost immune to cold.
   It insulates you from electricity.
   It affects your magic capacity (-9).
 t - a +0 blowgun
 Q - a +2 rapier of flaming
Missiles
 j - 161 poisoned needles
 s - 9 javelins (quivered)
 J - a curare-tipped needle
Armour
 e - a +2 robe of resistance
 p - the +1 pair of boots of Cocytus (worn) {rC+}
   (You found it on level 8 of the Lair of Beasts)

   It protects you from cold.
 u - a +1 pair of gloves (worn)
 H - a +0 troll leather armour (worn)
 R - a +1 hat of intelligence (worn)
Magical Staves
 G - an uncursed staff of cold
Jewellery
 B - the ring "Veses" (right hand) {+Fly Int+8 Slay+2}
   (You found it on level 9 of the Dungeon)

   [ring of slaying]

   It affects your intelligence (+8).
   It affects your accuracy and damage with ranged weapons and melee attacks
   (+2).
   It lets you fly.
 E - an uncursed ring of protection from cold
 F - an amulet of magic regeneration (around neck)
 M - the ring of Iguerut {rElec rN+ Int+4 Stlth-}
   (You found it in a labyrinth)

   [ring of positive energy]

   It affects your intelligence (+4).
   It insulates you from electricity.
   It protects you from negative energy.
   It makes you less stealthy.
 N - an uncursed ring of see invisible
Wands
 r - a wand of paralysis (15/24)
 z - a wand of digging (9/24)
 C - a wand of iceblast (8/15)
 D - a wand of acid (7/15)
 P - a wand of lightning (9/15)
 V - a wand of digging (12/24)
 W - a wand of iceblast (6/15)
Scrolls
 d - 4 scrolls of amnesia
 f - 12 scrolls of remove curse
 h - 2 scrolls of blinking
 i - 3 scrolls of fog
 k - a scroll of silence
 l - 8 scrolls of recharging
 n - 7 scrolls of teleportation
 o - 4 scrolls of brand weapon
 q - 2 scrolls of identify
 v - 3 scrolls of magic mapping
 w - a scroll of noise
 x - 2 scrolls of immolation
 I - 3 scrolls of enchant weapon
 Z - a scroll of fear
Books
 g - a book of Debilitation

   Spells                             Type                      Level
   a - Corona                         Hexes                        1
   b - Slow                           Hexes                        2
   c - Gell's Gravitas                Hexes/Translocation          3
   d - Inner Flame                    Hexes/Fire                   3
   e - Cause Fear                     Hexes                        4
   f - Leda's Liquefaction            Hexes/Earth                  4
 y - a book of the Warp

   Spells                             Type                      Level
   a - Recall                         Summoning/Translocation      3
   b - Gell's Gravitas                Hexes/Translocation          3
   c - Force Lance                    Conjuration/Translocation    4
   d - Warp Weapon                    Charms/Translocation         5
   e - Summon Forest                  Summoning/Translocation      5
 X - a book of Necromancy

   Spells                             Type                      Level
   a - Pain                           Necromancy                   1
   b - Animate Skeleton               Necromancy                   1
   c - Vampiric Draining              Necromancy                   3
   d - Regeneration                   Charms/Necromancy            3
   e - Animate Dead                   Necromancy                   4
   f - Control Undead                 Necromancy                   4
Miscellaneous
 m - an ornate deck of destruction {the Orb}
 K - an ornate deck of summoning {the Pentagram}
 L - a plain deck of summoning {the Crusade}
 O - a plain deck of destruction
 T - an ornate deck of defence {the Blade}
 U - a sack of spiders {used: 2}
 Y - a plain deck of wonders {Wild Magic}


   Skills:
 - Level 5.0(4.4) Fighting
 - Level 7.4(8.6) Short Blades
 * Level 8.3(9.0) Long Blades
 - Level 6.1(5.6) Armour
 - Level 6.0(5.5) Dodging
 - Level 10.0(9.4) Stealth
 * Level 9.6(9.0) Spellcasting
 * Level 8.5(7.9) Conjurations
 - Level 6.7(6.1) Hexes
 * Level 9.6(9.0) Ice Magic
 - Level 2.0(1.5) Evocations


You had 9 spell levels left.
You knew the following spells:

 Your Spells              Type           Power        Failure   Level  Hunger
a - Bolt of Cold          Conj/Ice       ######....   24%         6    N/A
b - Ensorcelled Hibernat  Hex/Ice        ######       1%          2    N/A
c - Confuse               Hex            ######..     1%          3    N/A
d - Tukima's Dance        Hex            ######..     1%          3    N/A
e - Repel Missiles        Chrm/Air       ##....       10%         2    N/A
f - Swiftness             Chrm/Air       ##......     10%         2    N/A
g - Freezing Cloud        Conj/Ice/Air   #####.....   80%         6    N/A

Dungeon Overview and Level Annotations

Branches:
Dungeon (15/15)            Temple (1/1) D:6            Lair (8/8) D:11
  Snake (0/4) Lair:4        Slime (0/6) Lair:7          Orc (2/2) D:11
    Elf (0/3) Orc:2
  Swamp: Lair:3-6    Shoals: Lair:3-6    Vaults: D:13-14     Depths: D:15

Altars:
Ashenzari
Cheibriados
Dithmenos
Elyvilon
Fedhas
Gozag
Kikubaaqudgha
Makhleb
Nemelex Xobeh
Okawaru
Pakellas
Qazlal
Ru
Trog
Vehumet
Xom
Yredelemnul
The Shining One
Beogh

Shops:
D:6 (   D:13 %   Orc:2 !(:}*

Annotations:
D:4 exclusion: ogre
D:10 exclusion: door
D:12 Fannar, Frances
D:15 exclusion: Roxanne, Roxanne
Lair:8 Kirke


Innate Abilities, Weirdness & Mutations

You do not eat or drink.
Your flesh is vulnerable to fire.
You are immune to poison.
Your flesh is cold resistant.
You are immune to negative energy.
You occasionally shout uncontrollably at your foes.
You are immune to unholy pain and torment.
You are weak. (Str -2)
You can survive without breathing.
You cannot read scrolls while threatened.
You are missing a hand.
You are in touch with the powers of death.
You can restore your body by infusing magical energy.


Message History

Unknown command.
Read which item? (? for menu, Esc to quit)
Okay, then.
Evoke which item? (* to show all) (? for menu, Esc to quit)
Okay, then.
Unknown command.
Casting: Ensorcelled Hibernation
Confirm with . or Enter, or press ? or * to list all spells.
Aiming: Ensorcelled Hibernation
Press: ? - help, Shift-Dir - straight line, f - crocodile
Aim: a crocodile (chance to defeat MR: 72%)
The crocodile looks drowsy...
Unknown command.
Evoke which item? (* to show all) (? for menu, Esc to quit)
Zapping:
z - a wand of digging (10/24)
Press: ? - help, Shift-Dir - straight line, p - crocodile The rock shatters into small pieces.
This wand has 9 charges left.
The electric eel shoots out a bolt of lightning at you!
The bolt of electricity hits you!
You die...

#.....≈..≈≈≈....Y....##.#
##.....≈≈≈≈.......PP## ##
#.....≈≈≈≈≈≈≈....P###
....P≈≈≈.≈≈....Y.##
....#≈≈...P......#
.....###.......P###
.......#..........#
............?...t#######
................@.......
.#.;.≈≈...P.P≈..########
###≈≈≈≈≈P≈P≈≈≈..# #
P≈≈P≈≈≈≈P≈≈...
##≈≈≈≈≈≈≈≈≈≈≈≈≈..
...≈≈≈P≈≈≈≈≈≈≈≈.. ...≈≈
≈;≈≈≈≈♣ ..♣ ≈≈≈≈P♣ ..♣


You could see a death yak, a crocodile (sleeping) and an electric eel.

Vanquished Creatures
  An orc warlord (Orc:1)
  2 stone giants
  Snorg (Orc:1)
  A minotaur (Lab)
  A catoblepas (Lair:8)
  2 centaur warriors
  2 hydras
  Erolcha (D:8)
  2 ogre magi (Orc:2)
  A deep troll shaman (Lair:8)
  9 death yaks
  Urug (Lair:2)
  An orc high priest (Orc:2)
  A hell knight (Volcano)
  A fire crab (Lair:8)
  2 deep trolls (Orc:2)
  A lindwurm (Lair:8)
  6 hill giants
  An orc sorcerer (Orc:2)
  A manticore (Volcano)
  A wolf spider zombie (D:14)
  A hornet (shapeshifter) (D:13)
  A griffon (Lair:4)
  A centaur zombie (D:13)
  3 cyclopes
  16 elephants
  5 torpor snails (Lair:2)
  7 black mambas
  A naga mage (Lair:4)
  A kobold demonologist (D:11)
  2 rime drakes (Lair:4)
  13 spiny frogs
  5 komodo dragons
  A redback zombie (D:14)
  2 polar bears
  2 minotaur zombies (Lab)
  10 trolls
  8 two-headed ogres
  16 blink frogs
  3 slime creatures
  A shadow (D:12)
  3 wyverns
  66 yaks
  2 wraiths
  3 hogs (Lair:8)
  Grum (D:11)
  11 basilisks
  3 hungry ghosts
  12 hippogriffs
  Menkaure (D:5)
  A soldier ant (D:14)
  3 wargs (Orc:1)
  6 nagas (Lair:4)
  12 water moccasins
  3 hell hounds
  7 porcupines
  20 orc warriors
  3 ice beasts
  2 black bears
  3 phantoms
  3 sky beasts
  29 ogres
  2 wasps
  24 wolves
  11 centaurs
  The ghost of pedritolo the Shooter, an amateur HEHu (D:3)
  12 big kobolds
  16 crocodiles
  20 giant frogs
  A gnoll sergeant (D:11)
  An earth elemental (Lab)
  A water moccasin zombie (D:7)
  A wyvern skeleton (D:12)
  2 scorpions
  3 wights (D:12)
  15 killer bees
  2 spriggan skeletons (D:10)
  A troll skeleton (D:10)
  6 howler monkeys
  8 jellies
  4 crimson imps
  2 quasits
  A wyvern simulacrum (D:14)
  4 centaur skeletons
  4 hounds
  23 orc wizards
  A giant frog skeleton (D:13)
  A gnoll shaman (D:10)
  21 orc priests
  Jessica (D:4)
  8 iguanas
  8 worker ants
  10 sheep
  3 hound skeletons
  Robin (D:1)
  2 worker ant zombies (D:9)
  14 gnolls
  6 adders
  29 river rats
  A shadow imp (D:9)
  2 oozes (D:3)
  2 adder skeletons
  A worm (D:5)
  A dart slug (D:2)
  9 giant geckos
  83 orcs
  6 giant cockroaches
  18 goblins
  15 hobgoblins
  6 jackals
  A ball python (D:1)
  10 bats
  A giant gecko skeleton (D:8)
  A giant gecko zombie (D:7)
  2 giant newts
  55 kobolds
  A quokka skeleton (D:6)
  7 rats
  2 fungi
  3 plants
829 creatures vanquished.

Vanquished Creatures (collateral kills)
  2 blink frogs (Lair:4)
2 creatures vanquished.

Vanquished Creatures (others)
  Gastronok (Lair:2)
  A hydra (Lair:2)
  A slime creature (Lair:7)
  A killer bee zombie (D:5)
  An orc (D:6)
  A kobold (D:6)
  24 fungi
  9 plants
39 creatures vanquished.

Grand Total: 870 creatures vanquished

Notes
Turn   | Place    | Note
--------------------------------------------------------------
     0 | D:1      | 4thArraOfDagon the Mummy Enchanter began the quest for the Orb.
     0 | D:1      | Reached XP level 1. HP: 13/13 MP: 3/3
   123 | D:1      | Reached skill level 1 in Short Blades
   269 | D:1      | Reached XP level 2. HP: 17/19 MP: 3/5
   275 | D:1      | Learned a level 2 spell: Ensorcelled Hibernation
   275 | D:1      | AnCiEnTChAoSGoD: hehe
   275 | D:1      | AnCiEnTChAoSGoD: mummy
   275 | D:1      | 4thArraOfDagon: great show man
   289 | D:1      | AnCiEnTChAoSGoD: i was thinking about undead fighter
   289 | D:1      | 4thArraOfDagon: mummy is bad
   289 | D:1      | 4thArraOfDagon: therefore good for start of the streak :)
   289 | D:1      | AnCiEnTChAoSGoD: not so rly. too easy. i am going for centaur or undead run
   289 | D:1      | AnCiEnTChAoSGoD: i hope)
   289 | D:1      | 4thArraOfDagon: try centaurs
   289 | D:1      | AnCiEnTChAoSGoD: good luck with this mummy
   289 | D:1      | 4thArraOfDagon: ty
   289 | D:1      | AnCiEnTChAoSGoD: ye i will
   668 | D:2      | Found a faded altar to an unknown god.
   768 | D:2      | Reached skill level 3 in Stealth
   853 | D:2      | Noticed Robin
   866 | D:1      | Reached XP level 3. HP: 10/24 MP: 3/6
   914 | D:1      | Learned a level 3 spell: Confuse
   981 | D:1      | Killed Robin
  1008 | D:2      | Turgon: Oh, there was a minotaur recently
  1022 | D:2      | 4thArraOfDagon: dead:(
  1022 | D:2      | 4thArraOfDagon: in tomb
  1022 | D:2      | Turgon: Succeeded in E:3 and went to swamp or sth
  1027 | D:2      | You fall through a shaft for 2 floors!
  1032 | D:4      | Turgon: got the swamp rune was the last I read
  1041 | D:4      | Turgon: tomb as 3rd?
  1043 | D:4      | Reached skill level 1 in Ice Magic
  1178 | D:4      | 4thArraOfDagon: 4th
  1178 | D:4      | 4thArraOfDagon: i went to slime as well
  1241 | D:4      | Found a shattered altar of Ashenzari.
  1266 | D:4      | Found a white marble altar of Elyvilon.
  1295 | D:4      | Reached XP level 4. HP: 6/30 MP: 0/7
  1470 | D:3      | Noticed pedritolo's ghost (amateur HEHu)
  1533 | D:3      | Noticed Jessica
  1580 | D:4      | Noticed an ogre
  1769 | D:5      | Entered Level 5 of the Dungeon
  1775 | D:5      | Turgon: Afraid of getting a giant club in your face?
  1776 | D:5      | Turgon: ;-)
  1783 | D:5      | Noticed an ogre
  1919 | D:4      | Reached XP level 5. HP: 25/35 MP: 5/8
  2084 | D:5      | Killed an ogre
  2084 | D:5      | Reached skill level 4 in Stealth
  2092 | D:5      | Noticed an ogre
  2113 | D:5      | Killed an ogre
  2113 | D:5      | Reached XP level 6. HP: 41/41 MP: 5/9
  2151 | D:5      | Found a basalt altar of Yredelemnul.
  2236 | D:6      | Found a blossoming altar of Fedhas.
  2409 | D:6      | Found Iwiprah's Antique Weapon Boutique.
  2412 | D:6      | Bought a glowing long sword for 77 gold pieces
  2412 | D:6      | Bought a runed rapier for 88 gold pieces
  2438 | D:6      | Found a staircase to the Ecumenical Temple.
  2447 | Temple   | Entered the Ecumenical Temple
  2620 | Temple   | 2much gold for goz
  2644 | Temple   | Became a worshipper of Ru the Awakened
  2757 | D:7      | Reached XP level 7. HP: 44/46 MP: 10/10
  2783 | D:7      | Got a pitted greatsling
  2894 | D:7      | Reached skill level 5 in Stealth
  2991 | D:7      | Identified the +6 greatsling of Exchange {speed, +Fly} (You found it on level 7 of the Dungeon)
  3045 | D:6      | jacquesderrida: WHERE IS KOCK
  3273 | D:5      | Noticed Menkaure
  3621 | D:4      | jacquesderrida: HEND
  3621 | D:4      | jacquesderrida: Sacrifice kock
  3621 | D:4      | Gained mutation: You are missing a hand. [Ru sacrifice]
  3621 | D:4      | Reached * piety under Ru
  3621 | D:4      | Reached ** piety under Ru
  3621 | D:4      | Reached *** piety under Ru
  3707 | D:4      | jacquesderrida: deng meng I see what you did there
  3733 | D:3      | jacquesderrida: U be sly and cunning you be whoop da shoop
  3740 | D:4      | Killed Jessica
  3740 | D:4      | Reached XP level 8. HP: 40/52 MP: 8/11
  3754 | D:3      | jacquesderrida: Stabrer
  3929 | D:2      | Found a snail-covered altar of Cheibriados.
  4470 | D:3      | Found a snail-covered altar of Cheibriados.
  4561 | D:3      | Killed pedritolo's ghost
  4922 | D:5      | Reached skill level 5 in Hexes
  4970 | D:5      | Killed Menkaure
  4970 | D:5      | Reached skill level 1 in Armour
  5229 | D:6      | Gained mutation: You cannot read scrolls while threatened. [Ru sacrifice]
  5229 | D:6      | Reached **** piety under Ru
  5436 | D:6      | Reached skill level 6 in Stealth
  5728 | D:6      | Reached XP level 9. HP: 42/57 MP: 7/12
  5872 | D:6      | Reached skill level 5 in Short Blades
  5900 | D:6      | jacquesderrida: Dagin, meet the mans
  5919 | D:6      | jacquesderrida: Mans, meet the dagin
  6265 | D:8      | Reached skill level 7 in Stealth
  6471 | D:9      | Reached skill level 1 in Fighting
  6563 | D:10     | Entered Level 10 of the Dungeon
  6876 | D:8      | Turgon: Would "sac potion" give any piety with Ru?
  6891 | D:8      | Turgon: (with a mummy)
  6944 | D:9      | jacquesderrida: NEY
  6956 | D:9      | Noticed a komodo dragon
  6966 | D:9      | jacquesderrida: Does it even show up?!
  6979 | D:9      | Turgon: idk
  6989 | D:9      | jacquesderrida: Tell me!
  7005 | D:9      | jacquesderrida: I don't think so!
  7064 | D:9      | Killed a komodo dragon
  7064 | D:9      | Reached XP level 10. HP: 63/66 MP: 4/13
  7072 | D:9      | jacquesderrida: Ru is an old bastard, this kind of thing is pretty obvious for devs to think through
  7097 | D:9      | Got an ancient glass ring
  7102 | D:9      | Identified the ring "Veses" {+Fly Int+8 Slay+2} (You found it on level 9 of the Dungeon)
  7103 | D:9      | jacquesderrida: I-I g-guess, onii-chan!!~~~
  7139 | D:9      | jacquesderrida: demg, that ring
  7155 | D:9      | Turgon: Well, Int+8 is not that bad for spellpower
  7189 | D:9      | jacquesderrida: Instant high elf level of intelligence!
  7207 | D:9      | You fall through a shaft for 3 floors!
  7209 | D:12     | jacquesderrida: wowza
  7211 | D:12     | jacquesderrida: 3 levals
  7257 | D:12     | Noticed a hill giant
  7258 | D:12     | jacquesderrida: heal giant
  7290 | D:12     | jacquesderrida: resisteng
  7301 | D:12     | jacquesderrida: resisDENG
  7310 | D:12     | Noticed Fannar
  7321 | D:12     | Killed a hill giant
  7393 | D:12     | Learned a level 3 spell: Tukima's Dance
  7601 | D:12     | Noticed a six-headed hydra
  7609 | D:12     | Leszczynek: and who says these scrolls are useless
  7645 | D:12     | jacquesderrida: Nobody!
  7648 | D:12     | Reached skill level 8 in Stealth
  7679 | D:12     | jacquesderrida: Uselessness might be useful!
  7720 | D:12     | Noticed Frances
  7729 | D:12     | jacquesderrida: francis
  7754 | D:12     | jacquesderrida: Who says these scrolls are of amnesia?!
  7764 | D:12     | jacquesderrida: I forgot!
  7773 | D:12     | jacquesderrida: ;^)
  7784 | D:12     | jacquesderrida: (^;
  7809 | D:12     | Noticed a deep elf mage
  7902 | D:12     | jacquesderrida: casually skipping the two level in between the shaft entrance and exit
  7912 | D:11     | jacquesderrida: klassik dagin
  7918 | D:11     | Got a bloodstained scale mail
  8024 | D:11     | Noticed a hill giant
  8036 | D:11     | Killed a hill giant
  8057 | D:11     | Found a staircase to the Lair.
  8131 | D:11     | Identified the +5 scale mail of Febboc {Dex+4} (You found it on level 11 of the Dungeon)
  8138 | D:11     | Noticed a cyclops
  8150 | D:11     | Killed a cyclops
  8157 | D:11     | Found a staircase to the Orcish Mines.
  8343 | D:11     | Found a labyrinth entrance.
  8348 | Lab      | Entered a labyrinth
  8617 | Lab      | Noticed a minotaur
  8631 | Lab      | Killed a minotaur
  8631 | Lab      | Reached XP level 11. HP: 75/75 MP: 14/14
  8649 | Lab      | jacquesderrida: deng
  8682 | Lab      | Got a smoking long sword
  8682 | Lab      | Got an ichor-stained leather armour
  8682 | Lab      | Got a flickering granite ring
  8683 | Lab      | jacquesderrida: tresars
  8685 | Lab      | Identified the ring of Iguerut {rElec rN+ Int+4 Stlth-} (You found it in a labyrinth)
  8696 | Lab      | Identified the +4 leather armour "Niperaoq" {*Corrode rN+ Stlth+} (You found it in a labyrinth)
  8696 | Lab      | Identified the +9 long sword of the Undead {drain, Int+4 Dex+3 Stlth+} (You found it in a labyrinth)
  8697 | Lab      | jacquesderrida: heh
  8697 | Lab      | DAN
  8703 | Lab      | jacquesderrida: You can FITE with that SORD
  8746 | D:11     | Learned a level 6 spell: Bolt of Cold
  8838 | D:10     | Noticed a hill giant
  8850 | D:10     | Killed a hill giant
  9045 | D:10     | jacquesderrida: eggs change
  9081 | D:10     | Reached skill level 1 in Conjurations
  9101 | D:10     | Gained mutation: You occasionally shout uncontrollably at your foes. [Ru sacrifice]
  9156 | D:10     | Reached skill level 9 in Stealth
  9173 | D:10     | Reached skill level 1 in Evocations
  9297 | D:10     | Noticed a hill giant
  9506 | D:10     | Reached skill level 1 in Long Blades
  9766 | D:8      | Noticed Erolcha
  9778 | D:8      | Killed Erolcha
 10120 | D:7      | Found an oddly glowing altar of Pakellas.
 10415 | D:11     | Reached skill level 5 in Armour
 10584 | D:12     | Noticed a hill giant
 10612 | D:12     | Noticed a five-headed hydra
 10659 | D:12     | Gained mutation: You are weak. (Str -2) [Ru sacrifice]
 10659 | D:12     | Reached ***** piety under Ru
 10764 | D:13     | Noticed a skeletal warrior
 10902 | D:13     | Reached skill level 5 in Dodging
 10936 | D:13     | Reached skill level 5 in Ice Magic
 11122 | D:14     | Reached XP level 12. HP: 83/83 MP: 14/17
 11237 | D:14     | Noticed a centaur warrior
 11247 | D:14     | Killed a centaur warrior
 11391 | D:14     | Found a blossoming altar of Fedhas.
 11483 | D:13     | Noticed a centaur warrior
 11486 | D:13     | Killed a centaur warrior
 11530 | D:13     | jacquesderrida: HI
 11580 | D:14     | Learned a level 2 spell: Repel Missiles
 11583 | D:14     | Learned a level 2 spell: Swiftness
 11641 | D:14     | Got a fine long sword
 11676 | D:14     | Identified the cursed +2 long sword of the Vendetta {slice, rElec rC+++ MP-9 Str-3} (You found it on level 14 of the Dungeon)
 11797 | D:15     | Entered Level 15 of the Dungeon
 11797 | D:15     | Noticed an ogre mage
 11839 | D:15     | Noticed Roxanne
 11968 | D:15     | Found a sacrificial altar of Ru.
 11975 | D:15     | Noticed a death knight
 11989 | D:15     | Noticed a four-headed hydra
 12106 | D:13     | Noticed an eight-headed hydra
 12114 | D:13     | Noticed a seven-headed hydra
 12120 | D:13     | Found Nimn's Food Shop.
 12274 | D:11     | Noticed Grum
 12345 | D:11     | Killed Grum
 12703 | Orc:1    | Entered Level 1 of the Orcish Mines
 12718 | Orc:1    | Noticed Snorg
 12914 | Orc:1    | Killed Snorg
 13073 | Orc:1    | Reached skill level 5 in Spellcasting
 13084 | Orc:1    | Found a roughly hewn altar of Beogh.
 13187 | Orc:1    | Noticed an orc warlord
 13269 | Orc:1    | Killed an orc warlord
 13269 | Orc:1    | Reached skill level 5 in Fighting
 13399 | Orc:2    | Entered Level 2 of the Orcish Mines
 13423 | Orc:2    | Found a staircase to the Elven Halls.
 13423 | Orc:2    | Found a shimmering altar of Xom.
 13590 | Orc:2    | Found Ruvuwk's Distillery.
 13886 | Orc:1    | Noticed a stone giant
 14014 | Orc:1    | Killed a stone giant
 14014 | Orc:1    | Reached skill level 10 in Stealth
 14014 | Orc:1    | Gained mutation: You are in touch with the powers of death. [Mummy growth]
 14014 | Orc:1    | Gained mutation: You can restore your body by infusing magical energy. [Mummy growth]
 14014 | Orc:1    | Reached XP level 13. HP: 91/91 MP: 19/21
 14393 | Orc:2    | LAGGG
 14492 | Orc:2    | Reached skill level 5 in Conjurations
 14649 | Orc:2    | Reached skill level 5 in Long Blades
 14672 | Orc:2    | Found Ymote's Weapon Emporium.
 14673 | Orc:2    | Found Ubauph's Book Emporium.
 14678 | Orc:2    | Found Xyxizimupp's Gadget Boutique.
 14690 | Orc:2    | Found Buril's General Store.
 14719 | Orc:2    | Bought a scroll of identify for 20 gold pieces
 14719 | Orc:2    | Bought a scroll of teleportation for 30 gold pieces
 14719 | Orc:2    | Bought a scroll of magic mapping for 35 gold pieces
 14719 | Orc:2    | Bought a scroll of identify for 20 gold pieces
 14732 | Orc:2    | Bought a +2 rapier of flaming for 268 gold pieces
 14852 | Orc:2    | Noticed a stone giant
 14907 | Orc:2    | Killed a stone giant
 14991 | D:11     | Learned a level 6 spell: Freezing Cloud
 15053 | Lair:1   | Entered Level 1 of the Lair of Beasts
 15108 | Lair:1   | Found a dark tunnel.
 15124 | Volcano  | Entered a volcano
 15624 | Lair:2   | Noticed Urug
 15641 | Lair:2   | Killed Urug
 15699 | Lair:2   | Found a snail-covered altar of Cheibriados.
 15821 | Lair:2   | Noticed Gastronok
 15849 | Lair:2   | jacquesderrida: SHOOT POISAN
 15865 | Lair:2   | Killed Gastronok
 15893 | Lair:2   | jacquesderrida: HET
 15938 | Lair:2   | Reached XP level 14. HP: 98/98 MP: 21/24
 16639 | Lair:4   | Found a staircase to the Snake Pit.
 18323 | Lair:7   | Got a jewelled ring mail
 18337 | Lair:7   | Identified the +5 ring mail of the Castellan {rC++ Int-3} (You found it on level 7 of the Lair of Beasts)
 18450 | Lair:7   | Found a staircase to the Slime Pits.
 18556 | Lair:8   | Entered Level 8 of the Lair of Beasts
 18744 | Lair:8   | Reached XP level 15. HP: 96/103 MP: 24/28
 18838 | Lair:8   | Noticed Kirke
 19688 | Lair:8   | Got a pair of warped boots
 19701 | Lair:8   | Identified the +1 pair of boots of Cocytus {rC+} (You found it on level 8 of the Lair of Beasts)
 19892 | Lair:6   | HP: 3/103 [crocodile (17)]
 19902 | Lair:6   | Killed from afar by an electric eel

Vault maps used:
D:1:      saegor_arrival_simple_b
D:2:      lemuel_crystal_altar, ecumenical_altar_2, uniq_robin
D:3:      cheibriados_altar_wand_db, uniq_jessica
D:4:      ashenzari_conservatory_becter, lemuel_crystal_altar, first_bread,
          minivault_1
D:5:      marbit_many_paths, grunt_decor_cap, uniq_menkaure
D:6:      minmay_goblin_kobold_castle, lemuel_round_altar,
          minmay_temple_entry_junction2, serial_shops, nicolae_shop_stone,
          kennysheep_windowed_goal
D:7:      lemuel_round_altar
D:8:      uniq_erolcha
D:9:      minmay_diamond_stairs
D:10:     hangedman_tell_no_tales, st_stairs_5, grunt_tough_drop
D:11:     lair_0_dummy, orc_0_dummy, lab_entry_generic, uniq_grum
D:12:     grunt_ministairs_4, uniq_frances, uniq_fannar
D:13:     serial_shops, shop, kennysheep_four_rooms
D:14:     david_vaults_1, fedhas_altar_2
D:15:     hangedman_depths_entry_try_elsewhere_first,
          nicolae_ru_sacrificial_ziggurat, minivault_12, uniq_roxanne
Temple:   minmay_temple_curvy_14
Lair:1:   nicolae_volcano_entry_hallway, st_stairs_10
Lair:2:   kennysheep_snail_temple, uniq_gastronok, uniq_urug
Lair:3:   beast_lair_carwin_3
Lair:4:   minmay_snake_entry_guardpost_medium, special_room, minmay_holes,
          grunt_forest_small_clearing_treed
Lair:5:   grunt_megastairs_1
Lair:6:   beast_lair_carwin_large_4, elwin_shoals_entry_rooms,
          serial_bayou_shore_a
Lair:7:   minmay_slime_entry_pillars
Lair:8:   grunt_lair_end_beastmaster, infiniplex_staircase_pool_2, uniq_kirke
Orc:1:    basic_altar, uniq_snorg
Orc:2:    st_orc_open, basic_altar, serial_shops, nicolae_shop_statue_plus
Lab:      labyrinth_hidden_loot, nicolae_lab_lava, lab_fountain,
          nicolae_lab_stuck, labyrinth_skeletal_remains, nicolae_lab_swirl
Volcano:  volcano_caves

Skill      XL: |  1  2  3  4  5  6  7  8  9 10 11 12 13 14 15 |
---------------+----------------------------------------------+-----
Short Blades   | 1 2 3 4 6 7 |  7.4
Stealth        | 3 4 5 6 7 8 9 10 | 10.0
Ice Magic      | 1 2 3 4 5 6 7 9 |  9.6
Hexes          | 3 4 5 6 |  6.7
Armour         | 2 3 4 5 6 |  6.1
Dodging        | 2 3 4 5 6 |  6.0
Fighting       | 1 3 4 5 |  5.0
Conjurations   | 2 4 6 7 8 |  8.5
Evocations     | 1 2 |  2.0
Long Blades    | 2 4 6 7 8 |  8.3
Spellcasting   | 3 5 7 9 |  9.6

Action                   |  1- 3 |  4- 6 |  7- 9 | 10-12 | 13-15 || total
-------------------------+-------+-------+-------+-------+-------++-------
Melee: Dagger            |   111 |    72 |       |       |       ||   183
       Rapier            |       |     8 |   397 |   399 |   602 ||  1406
       Long sword        |       |       |       |   267 |    64 ||   331
 Fire: Blowgun           |       |       |    17 |    25 |     9 ||    51
 Cast: Corona            |     4 |       |       |       |       ||     4
       Ensorcelled Hiber |    21 |     8 |    47 |   125 |   359 ||   560
       Confuse           |       |     4 |    19 |    74 |    26 ||   123
       Bolt of Cold      |       |       |       |       |    10 ||    10
Invok: Sacrifice a Hand  |       |       |     1 |       |       ||     1
       Sacrifice Words   |       |       |     1 |       |       ||     1
       Reject Sacrifices |       |       |     1 |     1 |     2 ||     4
       Draw Out Power    |       |       |       |     2 |     1 ||     3
       Sacrifice Purity  |       |       |       |     2 |       ||     2
       Apocalypse        |       |       |       |       |     2 ||     2
Evoke: Wand              |       |       |     3 |    16 |    24 ||    43
       Sack of spiders   |       |       |       |       |     2 ||     2
  Use: Scroll            |     2 |     3 |     9 |    12 |    15 ||    41
 Stab: Sleeping          |    14 |    12 |    41 |    96 |   219 ||   382
       Confused          |       |     1 |     3 |    34 |     9 ||    47
       Invisible         |       |       |     3 |     4 |     6 ||    13
       Distracted        |       |       |     1 |     5 |     2 ||     8
       Paralysed         |       |       |       |     1 |     7 ||     8
